TOP OF THE 1ST |
Maris School batting - Pitching for Shelby HS Rockets : RHP Jerry Marshall
|
Pitching: RHP Jerry Marshall
|
|
Batting: RHB Bruce Adams
|
0-0: Swinging Strike 0-1: Ball 1-1: Ball 2-1: Ball 3-1: Base on Balls
|
Batting: RHB Zane Heath
|
0-0: Called Strike 0-1: Ball 1-1: Ball 2-1: Foul Ball, location: 2F 2-2: Ball 3-2: Strikes out looking Bruce Adams steals 2nd base Batter strikes out.
|
Batting: RHB Neal Sánchez
|
0-0: Called Strike 0-1: Swinging Strike 0-2: Ball 1-2: Strikes out looking
|
Batting: SHB Jacob Lachance
|
0-0: Foul Ball, location: 2F 0-1: Foul Ball, location: 2F 0-2: Foul Ball, location: 2F 0-2: Ball 1-2: Fly out, F7 (Flyball, 7S)
|
Top of the 1st over - 0 run(s), 0 hit(s), 0 error(s), 1 left on base; Maris School 0 - Shelby HS 0 |
BOTTOM OF THE 1ST |
Shelby HS Rockets batting - Pitching for Maris School : LHP Artie Hunter
|
Pitching: LHP Artie Hunter
|
|
Batting: RHB Phil Stephens
|
0-0: Swinging Strike 0-1: Ball 1-1: Ground out 4-3 (Groundball, 4)
|
Batting: RHB Jorge Solís
|
0-0: Called Strike 0-1: Ball 1-1: Ground out 1-3 (Groundball, 15)
|
Batting: SHB Simon Spencer
|
0-0: Called Strike 0-1: Ball 1-1: Foul Ball, location: 2F 1-2: Foul Ball, location: 2F 1-2: Fly out, F9 (Flyball, 9S)
|
Bottom of the 1st over - 0 run(s), 0 hit(s), 0 error(s), 0 left on base; Maris School 0 - Shelby HS 0 |
TOP OF THE 2ND |
Maris School batting - Pitching for Shelby HS Rockets : RHP Jerry Marshall
|
Batting: LHB Ryan Martin
|
0-0: Swinging Strike 0-1: Ball 1-1: Fly out, F9 (Flyball, 89M)
|
Batting: RHB Stephen Welshman
|
0-0: SINGLE (Flyball, 9S)
|
Batting: LHB Stan Miller
|
0-0: Ball 1-0: Foul Ball, location: 2F 1-1: SINGLE (Groundball, 56D) Stephen Welshman to second
|
Batting: SHB Pedro Villalobos
|
0-0: SINGLE (Groundball, 4S) (infield hit) Stephen Welshman to third Stan Miller to second
|
Batting: LHB Dustin Wesman
|
0-0: Fly out, F7 (Flyball, 7LSF) Runner from 3rd tags up, SCORES, no throw
|
Batting: RHB Bruce Adams
|
0-0: Ball 1-0: Ball Wild Pitch! Stan Miller to third Pedro Villalobos to second 2-0: Called Strike 2-1: Ball 3-1: Swinging Strike 3-2: SINGLE (Groundball, 56D) Stan Miller scores Pedro Villalobos to third Pedro Villalobos scores
|
Batting: RHB Zane Heath
|
0-0: Called Strike Bruce Adams steals 2nd base 0-1: Ball 1-1: Ball 2-1: SINGLE (Groundball, 56D) Bruce Adams to third Runner from 3rd tries for Home, SAFE, no throw
|
Batting: RHB Neal Sánchez
|
0-0: Called Strike 0-1: Ball 1-1: Ball Wild Pitch! Zane Heath to second 2-1: Ball 3-1: Called Strike 3-2: Foul Ball, location: 2F 3-2: SINGLE (Line Drive, 7S) Zane Heath to third Zane Heath scores
|
Batting: SHB Jacob Lachance
|
0-0: Called Strike 0-1: Ball 1-1: Ground out 3-1 (Groundball, 34)
|
Top of the 2nd over - 5 run(s), 6 hit(s), 0 error(s), 1 left on base; Maris School 5 - Shelby HS 0 |
BOTTOM OF THE 2ND |
Shelby HS Rockets batting - Pitching for Maris School : LHP Artie Hunter
|
Batting: LHB Bill Handy
|
0-0: Ball 1-0: Called Strike 1-1: Called Strike 1-2: Foul Ball, location: 2F 1-2: Ball 2-2: Foul Ball, location: 2F 2-2: Foul Ball, location: 2F 2-2: Ball 3-2: Base on Balls
|
Batting: RHB Jorge Pacheco
|
0-0: Ball 1-0: Ball 2-0: SINGLE (Groundball, 6MD) Bill Handy to second Runner from 2nd tries for 3rd, SAFE, no throw
|
Batting: RHB Craig Jensen
|
0-0: Ball 1-0: Fly out, F6 (Line Drive, 6)
|
Batting: RHB Joseph Brown
|
0-0: Ball 1-0: Ball Pickoff Throw to First - Out! 2-0: Called Strike 2-1: Fly out, F7 (Flyball, 7LMF)
|
Bottom of the 2nd over - 0 run(s), 1 hit(s), 0 error(s), 1 left on base; Maris School 5 - Shelby HS 0 |
TOP OF THE 3RD |
Maris School batting - Pitching for Shelby HS Rockets : RHP Jerry Marshall
|
Batting: LHB Ryan Martin
|
0-0: Ball 1-0: Foul Ball, location: 2F 1-1: Ball 2-1: Ball 3-1: Swinging Strike 3-2: Base on Balls
|
Batting: RHB Stephen Welshman
|
0-0: Called Strike 0-1: Called Strike 0-2: Ball 1-2: Foul Ball, location: 2F 1-2: Grounds into double play, 6-4-3 (Groundball, 6)
|
Batting: LHB Stan Miller
|
0-0: Swinging Strike 0-1: Ball 1-1: Ball 2-1: DOUBLE (Line Drive, 78M)
|
Batting: SHB Pedro Villalobos
|
0-0: Called Strike 0-1: Swinging Strike 0-2: Ball 1-2: Strikes out swinging
|
Top of the 3rd over - 0 run(s), 1 hit(s), 0 error(s), 1 left on base; Maris School 5 - Shelby HS 0 |
BOTTOM OF THE 3RD |
Shelby HS Rockets batting - Pitching for Maris School : LHP Artie Hunter
|
Batting: LHB Bill Williams
|
0-0: Called Strike 0-1: Ball 1-1: Foul Ball, location: 2F 1-2: Strikes out swinging
|
Batting: RHB Jesús López
|
0-0: Swinging Strike 0-1: Foul Ball, location: 2F 0-2: SINGLE (Line Drive, 56D)
|
Batting: RHB Phil Stephens
|
0-0: Swinging Strike 0-1: Ball 1-1: Called Strike 1-2: Ball 2-2: Foul Ball, location: 2F 2-2: Strikes out looking
|
Batting: RHB Jorge Solís
|
0-0: Called Strike 0-1: Ball 1-1: Called Strike 1-2: Ball 2-2: Foul Ball, location: 2F 2-2: Fielders Choice at 2nd, 6-4 (Groundball, 6)
|
Bottom of the 3rd over - 0 run(s), 1 hit(s), 0 error(s), 0 left on base; Maris School 5 - Shelby HS 0 |
TOP OF THE 4TH |
Maris School batting - Pitching for Shelby HS Rockets : RHP Jerry Marshall
|
Batting: LHB Dustin Wesman
|
0-0: Ball 1-0: Ball 2-0: Foul Ball, location: 2F 2-1: Ball 3-1: Called Strike 3-2: Strikes out swinging
|
Batting: RHB Bruce Adams
|
0-0: Swinging Strike 0-1: Foul Ball, location: 2F 0-2: Ball 1-2: Foul Ball, location: 2F 1-2: Ball 2-2: Strikes out swinging
|
Batting: RHB Zane Heath
|
0-0: Ball 1-0: Swinging Strike 1-1: Ball 2-1: Called Strike 2-2: Foul Ball, location: 2F 2-2: Ball 3-2: Fly out, F5 (Popup, 5L)
|
Top of the 4th over - 0 run(s), 0 hit(s), 0 error(s), 0 left on base; Maris School 5 - Shelby HS 0 |
BOTTOM OF THE 4TH |
Shelby HS Rockets batting - Pitching for Maris School : LHP Artie Hunter
|
Batting: SHB Simon Spencer
|
0-0: Called Strike 0-1: Called Strike 0-2: Foul Ball, location: 2F 0-2: Strikes out swinging
|
Batting: LHB Bill Handy
|
0-0: Called Strike 0-1: Ball 1-1: Ball 2-1: Foul Ball, location: 2F 2-2: Ball 3-2: Base on Balls
|
Batting: RHB Jorge Pacheco
|
0-0: Ball 1-0: Ball 2-0: Called Strike 2-1: Called Strike 2-2: Strikes out swinging
|
Batting: RHB Craig Jensen
|
0-0: Ball 1-0: Ball 2-0: Fly out, F7 (Flyball, 7)
|
Bottom of the 4th over - 0 run(s), 0 hit(s), 0 error(s), 1 left on base; Maris School 5 - Shelby HS 0 |
TOP OF THE 5TH |
Maris School batting - Pitching for Shelby HS Rockets : RHP Jerry Marshall
|
Pitching: RHP Randy Pearce
|
|
Batting: RHB Neal Sánchez
|
0-0: Ball 1-0: Fly out, F8 (Flyball, 89D)
|
Batting: SHB Jacob Lachance
|
0-0: Ball 1-0: SINGLE (Flyball, 56D)
|
Batting: LHB Ryan Martin
|
0-0: Foul Ball, location: 2F 0-1: SINGLE (Line Drive, 9) Jacob Lachance to second
|
Batting: RHB Stephen Welshman
|
0-0: Ball 1-0: Ball 2-0: Ball 3-0: Called Strike 3-1: Foul Ball, location: 2F 3-2: Foul Ball, location: 2F 3-2: Base on Balls Jacob Lachance to third Ryan Martin to second
|
Batting: LHB Stan Miller
|
0-0: Ball 1-0: Called Strike 1-1: Ball 2-1: Ball 3-1: Base on Balls Jacob Lachance scores Ryan Martin to third Stephen Welshman to second
|
Batting: SHB Pedro Villalobos
|
0-0: Ball 1-0: Called Strike 1-1: SINGLE (Groundball, 4D) Ryan Martin scores Stephen Welshman to third Stan Miller to second
|
Batting: LHB Dustin Wesman
|
0-0: Ball 1-0: Ball 2-0: Ball 3-0: Called Strike 3-1: Base on Balls Stephen Welshman scores Stan Miller to third Pedro Villalobos to second
|
Batting: RHB Bruce Adams
|
0-0: Ball 1-0: Ball 2-0: Ball 3-0: Base on Balls Stan Miller scores Pedro Villalobos to third Dustin Wesman to second
|
Pitching: RHP Christian Gunn
|
|
Batting: RHB Zane Heath
|
0-0: Swinging Strike 0-1: Swinging Strike 0-2: Ball 1-2: Strikes out swinging
|
Batting: RHB Neal Sánchez
|
0-0: Hit by Pitch Pedro Villalobos scores Dustin Wesman to third Bruce Adams to second
|
Batting: SHB Jacob Lachance
|
0-0: Fly out, F8 (Flyball, 8RD)
|
Top of the 5th over - 5 run(s), 3 hit(s), 0 error(s), 3 left on base; Maris School 10 - Shelby HS 0 |
BOTTOM OF THE 5TH |
Shelby HS Rockets batting - Pitching for Maris School : LHP Artie Hunter
|
Batting: RHB Joseph Brown
|
0-0: Ball 1-0: Ball 2-0: Foul Ball, location: 2F 2-1: SINGLE (Groundball, 56D)
|
Batting: LHB Bill Williams
|
0-0: Fly out, F2 (Popup, 23)
|
Batting: RHB Jesús López
|
0-0: Called Strike 0-1: Foul Ball, location: 2F 0-2: Ball 1-2: Ball 2-2: Foul Ball, location: 2F 2-2: Foul Ball, location: 2F 2-2: Grounds into double play, 6-4-3 (Groundball, 6)
|
Bottom of the 5th over - 0 run(s), 1 hit(s), 0 error(s), 0 left on base; Maris School 10 - Shelby HS 0 |
TOP OF THE 6TH |
Maris School batting - Pitching for Shelby HS Rockets : RHP Christian Gunn
|
Batting: LHB Ryan Martin
|
0-0: Ball 1-0: SINGLE (Groundball, 34D)
|
Batting: RHB Stephen Welshman
|
0-0: Ball 1-0: Ball 2-0: Ball 3-0: Called Strike 3-1: Base on Balls Ryan Martin to second
|
Batting: LHB Stan Miller
|
0-0: Ball 1-0: Called Strike 1-1: Ball 2-1: DOUBLE (Line Drive, 9LM) Ryan Martin scores Stephen Welshman to third
|
Batting: SHB Pedro Villalobos
|
0-0: Called Strike 0-1: Foul Ball, location: 2F 0-2: Foul Ball, location: 2F 0-2: Foul Ball, location: 2F 0-2: Strikes out swinging
|
Batting: LHB Dustin Wesman
|
0-0: Called Strike 0-1: Ball 1-1: Foul Ball, location: 2F 1-2: Foul Ball, location: 2F 1-2: Fly out, F7 (Flyball, 7S)
|
Batting: RHB Bruce Adams
|
0-0: Fly out, F7 (Flyball, 78S)
|
Top of the 6th over - 1 run(s), 2 hit(s), 0 error(s), 2 left on base; Maris School 11 - Shelby HS 0 |
BOTTOM OF THE 6TH |
Shelby HS Rockets batting - Pitching for Maris School : LHP Artie Hunter
|
Batting: RHB Phil Stephens
|
0-0: Ball 1-0: Ball 2-0: Called Strike 2-1: Ball 3-1: Foul Ball, location: 2F 3-2: SINGLE (Groundball, 5D)
|
Pitching: RHP Todd Adams
|
|
Batting: RHB Jorge Solís
|
0-0: Called Strike 0-1: Grounds into double play, 5-4-3 (Groundball, 56)
|
Pinch Hitting: RHB Robbie Weatherdon
|
0-0: Ball 1-0: Foul Ball, location: 2F 1-1: Swinging Strike 1-2: Ground out 5-3 (Groundball, 56)
|
Bottom of the 6th over - 0 run(s), 1 hit(s), 0 error(s), 0 left on base; Maris School 11 - Shelby HS 0 |
TOP OF THE 7TH |
Maris School batting - Pitching for Shelby HS Rockets : RHP Christian Gunn
|
Pitching: LHP Robin Bergeron
|
|
Now at 1B: Robbie Weatherdon
|
|
Batting: RHB Zane Heath
|
0-0: Ball 1-0: Swinging Strike 1-1: Called Strike 1-2: Fly out, F7 (Flyball, 7)
|
Batting: RHB Neal Sánchez
|
0-0: Ball 1-0: Ball 2-0: Ball 3-0: Base on Balls
|
Batting: SHB Jacob Lachance
|
0-0: Called Strike 0-1: Foul Ball, location: 2F 0-2: Foul Ball, location: 2F 0-2: Ball 1-2: Ball 2-2: Foul Ball, location: 2F 2-2: Foul Ball, location: 2F 2-2: Ball 3-2: Strikes out swinging
|
Batting: LHB Ryan Martin
|
0-0: Swinging Strike 0-1: Ball 1-1: Fly out, F9 (Flyball, 89S)
|
Top of the 7th over - 0 run(s), 0 hit(s), 0 error(s), 1 left on base; Maris School 11 - Shelby HS 0 |
BOTTOM OF THE 7TH |
Shelby HS Rockets batting - Pitching for Maris School : RHP Todd Adams
|
Batting: LHB Bill Handy
|
0-0: Called Strike 0-1: Ball 1-1: Ball 2-1: Foul Ball, location: 2F 2-2: Ball 3-2: Foul Ball, location: 2F 3-2: Foul Ball, location: 2F 3-2: Strikes out swinging
|
Batting: RHB Jorge Pacheco
|
0-0: Ball 1-0: Ball 2-0: Ball 3-0: Base on Balls
|
Batting: RHB Craig Jensen
|
0-0: Ball 1-0: Reached on error, E1 (Groundball, 13) Jorge Pacheco to second
|
Batting: RHB Joseph Brown
|
0-0: Called Strike 0-1: Ball 1-1: Ball 2-1: Foul Ball, location: 2F 2-2: Fly out, F8 (Flyball, 89M)
|
Batting: LHB Bill Williams
|
0-0: Called Strike 0-1: Foul Ball, location: 2F 0-2: Foul Ball, location: 2F 0-2: Ball 1-2: 3-RUN HOME RUN (Flyball, 9D), Distance : 401 ft
|
Batting: RHB Jesús López
|
0-0: Ball 1-0: Swinging Strike 1-1: Foul Ball, location: 2F 1-2: Ground out 6-3 (Groundball, 6)
|
Bottom of the 7th over - 3 run(s), 1 hit(s), 1 error(s), 0 left on base; Maris School 11 - Shelby HS 3 |
TOP OF THE 8TH |
Maris School batting - Pitching for Shelby HS Rockets : LHP Robin Bergeron
|
Batting: RHB Stephen Welshman
|
0-0: Ball 1-0: Foul Ball, location: 2F 1-1: Foul Ball, location: 2F 1-2: Strikes out swinging
|
Batting: LHB Stan Miller
|
0-0: Ball 1-0: SINGLE (Flyball, 8LM)
|
Batting: SHB Pedro Villalobos
|
Pickoff Throw to First - Error! E1 Stan Miller to second 0-0: Called Strike 0-1: Ground out 6-3 (Groundball, 6)
|
Batting: LHB Dustin Wesman
|
0-0: Called Strike 0-1: Foul Ball, location: 2F 0-2: Ball 1-2: Ball 2-2: Foul Ball, location: 2F 2-2: Ball 3-2: Foul Ball, location: 2F 3-2: Fly out, F6 (Popup, 6MD)
|
Top of the 8th over - 0 run(s), 1 hit(s), 1 error(s), 1 left on base; Maris School 11 - Shelby HS 3 |
BOTTOM OF THE 8TH |
Shelby HS Rockets batting - Pitching for Maris School : RHP Todd Adams
|
Batting: RHB Phil Stephens
|
0-0: Called Strike 0-1: Foul Ball, location: 2F 0-2: SINGLE (Line Drive, 9S)
|
Batting: RHB Jorge Solís
|
0-0: Foul Ball, location: 2F 0-1: Swinging Strike 0-2: Ball 1-2: Foul Ball, location: 2F 1-2: Foul Ball, location: 2F 1-2: Grounds into double play, 4-6-3 (Groundball, 4)
|
Batting: RHB Robbie Weatherdon
|
0-0: Ball 1-0: Ball 2-0: Ball 3-0: Called Strike 3-1: SINGLE (Line Drive, 78M)
|
Batting: LHB Bill Handy
|
0-0: Ball 1-0: Foul Ball, location: 2F 1-1: Ball 2-1: Swinging Strike 2-2: Strikes out swinging
|
Bottom of the 8th over - 0 run(s), 2 hit(s), 0 error(s), 1 left on base; Maris School 11 - Shelby HS 3 |
TOP OF THE 9TH |
Maris School batting - Pitching for Shelby HS Rockets : LHP Robin Bergeron
|
Pitching: RHP Joseph Baxter
|
|
Batting: RHB Bruce Adams
|
0-0: Ball 1-0: Swinging Strike 1-1: Ball 2-1: Swinging Strike 2-2: Foul Ball, location: 2F 2-2: Foul Ball, location: 2F 2-2: Strikes out swinging
|
Batting: RHB Zane Heath
|
0-0: Ball 1-0: Ball 2-0: Called Strike 2-1: Ball 3-1: Called Strike 3-2: SINGLE (Groundball, 5D)
|
Batting: RHB Neal Sánchez
|
0-0: Ball 1-0: Ball 2-0: Called Strike 2-1: 2-RUN HOME RUN (Flyball, 7D), Distance : 394 ft
|
Batting: SHB Jacob Lachance
|
0-0: Foul Ball, location: 2F 0-1: Ball 1-1: SINGLE (Groundball, 34D)
|
Batting: LHB Ryan Martin
|
0-0: Foul Ball, location: 2F 0-1: Ball 1-1: Swinging Strike 1-2: Ball 2-2: Ball 3-2: Foul Ball, location: 2F 3-2: Fielders Choice at 2nd, 3-6 (Groundball, 34)
|
Batting: RHB Stephen Welshman
|
0-0: Ball Wild Pitch! Ryan Martin to second 1-0: Ball 2-0: Ball 3-0: Called Strike 3-1: Fly out, F6 (Line Drive, 6)
|
Top of the 9th over - 2 run(s), 3 hit(s), 0 error(s), 1 left on base; Maris School 13 - Shelby HS 3 |
BOTTOM OF THE 9TH |
Shelby HS Rockets batting - Pitching for Maris School : RHP Todd Adams
|
Pitching: RHP Rafael Sierra
|
|
Batting: RHB Jorge Pacheco
|
0-0: Called Strike 0-1: Ball 1-1: Ball 2-1: Foul Ball, location: 2F 2-2: Foul Ball, location: 2F 2-2: Ball 3-2: DOUBLE (Flyball, 8LM)
|
Batting: RHB Craig Jensen
|
0-0: Ball Passed Ball! Jorge Pacheco to third 1-0: Ball 2-0: Called Strike 2-1: Reached on error, E5 (Groundball, 5) Jorge Pacheco scores
|
Batting: RHB Joseph Brown
|
0-0: Swinging Strike 0-1: Swinging Strike 0-2: SINGLE (Groundball, 4D) Craig Jensen to second Runner from 2nd tries for 3rd, SAFE, throw made to third
|
Batting: LHB Bill Williams
|
0-0: Ball 1-0: DOUBLE (Flyball, 78M) Craig Jensen scores Joseph Brown to third
|
Batting: RHB Jesús López
|
0-0: Called Strike 0-1: Swinging Strike 0-2: Ball 1-2: Strikes out swinging
|
Batting: RHB Phil Stephens
|
0-0: Ball 1-0: Called Strike 1-1: Called Strike 1-2: Strikes out looking
|
Batting: RHB Jorge Solís
|
0-0: Ball 1-0: Called Strike 1-1: Fly out, F4 (Popup, 34)
|
Bottom of the 9th over - 2 run(s), 3 hit(s), 1 error(s), 2 left on base; Maris School 13 - Shelby HS 5 |
|